 Dungeon Crawl Stone Soup version 0.27.1-33-g824d729ab1 (webtiles) character file.

Game seed: 16515247330447382812

43 zeram the Sneak (level 3, -1/18 HPs)
             Began as a Spriggan Brigand on Dec 30, 2021.
             Succumbed to a goblin's poison
             ... on level 2 of the Dungeon.
             The game lasted 00:01:27 (1198 turns).

zeram the Sneak (Spriggan Brigand)                  Turns: 1198, Time: 00:01:28

Health: -1/18      AC:  3    Str:  7    XL:     3   Next: 37%
Magic:  4/4        EV: 16    Int: 13    God:
Gold:   48         SH:  0    Dex: 16    Spells: 2/2 levels left

rFire    . . .     SeeInvis +   f - +2 dagger (drain)
rCold    . . .     Faith    .   (shield restricted)
rNeg     . . .     Spirit   .   b - +0 robe
rPois    .         Reflect  .   (helmet restricted)
rElec    .         Harm     .   c - +0 cloak
rCorr    .         Rampage  .   (gloves unavailable)
Will     .....                  (boots unavailable)
Stlth    ++++......             (no amulet)
HPRegen  0.06/turn              (no ring)
MPRegen  0.09/turn              (no ring)

@: lethally poisoned (-1 -> -14), hasted, very quick
A: very small, no large weapons, unfitting armour, see invisible, speed 3
a: no special abilities


You were on level 2 of the Dungeon.
You visited 1 branch of the dungeon, and saw 2 of its levels.

You collected 48 gold pieces.

Inventory:

Hand Weapons
 a - a +2 dagger
 f - a +2 dagger of draining (weapon)
Missiles
 d - 8 poisoned darts (quivered)
 e - 2 curare-tipped darts
 i - 7 datura-tipped darts
Armour
 b - a +0 robe (worn)
 c - a +0 cloak (worn)
Scrolls
 h - 2 scrolls of identify
 j - a scroll of vulnerability
 k - a scroll of summoning {unknown}
Potions
 g - a potion of haste


   Skills:
 - Level 1.5 Fighting
 - Level 2.1 Short Blades
 - Level 2.0 Throwing
 + Level 1.5 Dodging
 + Level 7.8 Stealth


You had 2 spell levels left.
You didn't know any spells.
Your spell library contained the following spells:

 Spells                   Type           Power      Damage    Failure   Level
 Animate Skeleton         Necr           0%         N/A       30%         1
 Pain                     Necr           0%         1d4       30%         1
 Vampiric Draining        Necr           0%         2d6       67%         3


Dungeon Overview and Level Annotations

Branches:
Dungeon (2/15)

Altars:


Innate Abilities, Weirdness & Mutations

You are very small and have problems with some larger weapons.
You are too small for most types of armour.
You have supernaturally acute eyesight. (SInv)
You cover ground extremely quickly. (Speed+++)


Message History

The goblin shouts! x3; The hobgoblin shouts!
You closely miss the goblin. The goblin completely misses you.
The goblin shouts!
You hit the goblin.
You kill the goblin!
The goblin unwields a +0 dagger.
The goblin wields a +0 hunting sling.
The goblin shoots a sling bullet.
The sling bullet closely misses you. The goblin barely misses you.
The goblin closely misses you.
You hit the goblin.
The goblin is almost dead.
The goblin misses you.
You closely miss the goblin.
The goblin is almost dead.
The hobgoblin barely misses you. The goblin barely misses you.
You hit the goblin.
You kill the goblin!
The goblin hits you with a +2 dagger of venom.
You are lethally poisoned!
You hit the hobgoblin. You drain the hobgoblin.
You kill the hobgoblin!
You feel very sick.
The goblin hits you with a +2 dagger of venom.
You are more poisoned.
The goblin unwields a +0 hunting sling.
The goblin wields a +0 dagger.
The goblin misses you.
It was a potion of haste.
You feel yourself speed up.
* * * LOW HITPOINT WARNING * * *
You feel very sick. The goblin barely misses you.
A giant cockroach comes into view.
The goblin misses you.
* * * LOW HITPOINT WARNING * * *
You feel sick.
You see here a +0 dagger.
* * * LOW HITPOINT WARNING * * *
You feel sick.
As you read the scroll labelled YVEOFEU XEAGEPH, it crumbles to dust.
It is a scroll of identify.
j - a scroll of vulnerability You die...

... ..... ...B..#
........#########
........8.8.8.8.#.
............)...#.#
............)..)#.#
..........)g....#.#
.........@.g...(#.#
................#.#
........8.8.8.8.#.########
........#########.........
⌠.⌠...#...## #.....#######
......###..# #.###.# _.⌠##
##.###.# #.# l. #..##.#
#.# ⌠ ##.##.# #.#


You could see a giant cockroach (wandering) and 2 goblins.

Vanquished Creatures
  A gnoll (D:1)
  A worm (D:2)
  2 ball pythons
  A bat (D:1)
  2 giant cockroaches (D:1)
  6 goblins
  3 hobgoblins
  A frilled lizard (D:2)
  7 kobolds (D:1)
  4 rats (D:1)
28 creatures vanquished.

Vanquished Creatures (others)
  8 plants (D:1)
8 creatures vanquished.

Grand Total: 36 creatures vanquished

Notes
Turn   | Place    | Note
-------+----------+-------------------------------------------
     0 | D:1      | zeram the Spriggan Brigand began the quest for the Orb.
     0 | D:1      | Reached XP level 1. HP: 10/10 MP: 2/2
    32 | D:1      | Reached skill level 6 in Stealth
   205 | D:1      | Reached XP level 2. HP: 13/14 MP: 3/3
   278 | D:1      | Reached skill level 7 in Stealth
   660 | D:1      | Reached XP level 3. HP: 18/18 MP: 4/4
  1181 | D:2      | Found a faded altar of an unknown god.
  1198 | D:2      | Succumbed to a goblin's poison

Illustrated notes

Levels and vault maps discovered:
D:1:      lightli_arrival_statuegarden, layout_loops_ring, minivault_25,
          st_stairs_13, glass_columns_a, lexackson_kobold_supper
D:2:      kennysheep_the_goblin_king, layout_basic, basic_altar,
          hellmonk_ecumenical_altar_run_dry

Skill      XL: |  1  2 |
---------------+-------+-----
Stealth        | 6 7 |  7.8
Fighting       | |  1.5
Short Blades   | |  2.1
Throwing       | |  2.0
Dodging        | |  1.5

Action                   || total
-------------------------++-------
Melee: Dagger            ||    72
  Use: Scroll            ||     1
       Potion            ||     1
 Stab: Distracted        ||     2
       Sleeping          ||     8
Armor: Robe              ||    10
Dodge: Dodged            ||    28
